 Dungeon Crawl Stone Soup version 0.29.0-13-gc9e81de378 (webtiles) character file.

Game seed: 3410352735389423709

81 keekatzer the Caller (level 4, -6/37 HPs)
             Began as a Ghoul Summoner on Sept 9, 2022.
             Killed by divine providence
             ... invoked by an orc priest
              (13 damage)
             ... on level 3 of the Dungeon.
             The game lasted 00:08:30 (2480 turns).

keekatzer the Caller (Ghoul Summoner)               Turns: 2480, Time: 00:08:31

Health: -6/37      AC:  3    Str: 11    XL:     4   Next: 42%
Magic:  4/5        EV: 12    Int: 10    God:
Gold:   42         SH:  0    Dex: 11    Spells: 3/6 levels left

rFire   . . .      SeeInvis .   g - +0 dagger
rCold   + . .      Faith    .   (no shield)
rNeg    + + +      Spirit   .   a - +0 robe
rPois   ∞          Reflect  .   (no helmet)
rElec   .          Harm     .   (no cloak)
rCorr   .          Rampage  .   e - +0 pair of gloves
Will    .....                   (no boots)
Stlth   ++........              (no amulet)
HPRegen 0.00/turn               o - ring of flight
MPRegen 0.09/turn               (no ring)

@: flying, inhibited regen
A: claws 1, cold resistance 1, negative energy resistance 3, inhibited
regeneration, torment resistance 2, devour on kill
a: no special abilities


You were on level 3 of the Dungeon.
You visited 1 branch of the dungeon, and saw 3 of its levels.

You collected 42 gold pieces.

Inventory:

Hand Weapons
 g - a +0 dagger (weapon)
Armour
 a - a +0 robe (worn)
 e - a +0 pair of gloves (worn)
Jewellery
 o - a ring of flight (left hand)
Scrolls
 c - a scroll of acquirement {unknown}
 d - 3 scrolls of identify {unknown}
 j - a scroll of immolation {unknown}
 k - a scroll of amnesia {unknown}
 n - a scroll of enchant weapon {unknown}
 p - a scroll of silence {unknown}
Potions
 b - 3 potions of magic
 f - 2 potions of lignification {unknown}
 h - a potion of might {unknown}
 i - a potion of invisibility {unknown}
 l - a potion of berserk rage {unknown}
 m - a potion of degeneration {unknown}


   Skills:
 + Level 2.6 Fighting
 + Level 2.4 Dodging
 + Level 3.4 Stealth
 - Level 1.8 Spellcasting
 - Level 3.6 Summonings


You had 3 spell levels left.
You knew the following spells:

 Your Spells              Type           Power      Damage    Failure   Level
a - Summon Small Mammal   Summ           32%        N/A       7%          1
b - Call Imp              Summ           8%         N/A       11%         2

Your spell library contained the following spells:

 Spells                   Type           Power      Damage    Failure   Level
 Call Canine Familiar     Summ           8%         N/A       22%         3
 Summon Guardian Golem    Hex/Summ       4%         N/A       41%         3
 Gell's Gravitas          Tloc           0%         N/A       67%         3
 Teleport Other           Tloc           0%         N/A       67%         3
 Summon Lightning Spire   Summ/Air       4%         N/A       83%         4
 Animate Dead             Necr           0%         N/A       97%         4
 Dispersal                Tloc           0%         N/A       100%        6
 Haunt                    Necr/Summ      2%         N/A       100%        7
 Infestation              Necr           0%         N/A       100%        8


Dungeon Overview and Level Annotations

Branches:
Dungeon (3/15)

Altars:

Shops:
D:1 *


Innate Abilities, Weirdness & Mutations

You are immune to poison.
You have sharp fingernails.
Your flesh is cold resistant. (rC+)
You are immune to negative energy. (rN+++)
You do not regenerate when monsters are visible.
You are immune to unholy pain and torment.
You thrive by killing the living.


Message History

Your crimson imp blinks!
You miss something. Something hits you.
* * * LOW HITPOINT WARNING * * *
You miss something. Something hits you but does no damage.
You hit something.
You feel better.
Reactivating autopickup.
You feel a bit more experienced.
You start resting.
HP restored.
Things that are here:
a +0 dagger; a +0 robe An orc and an orc priest come into view.
The orc priest shouts!
The orc priest looks braver for a moment.
The orc completely misses you.
Things that are here:
a +0 dagger; a +0 robe You hit the orc but do no damage.
The orc barely misses you.
You hit the orc but do no damage.
Casting: Call Imp (safe; 11% risk of failure)
Confirm with . or Enter, or press ? or * to list all spells.
A beastly little devil appears in a puff of flame.
The orc hits you with a +0 flail.
You barely miss the orc. The orc hits you with a +0 flail!
The orc priest barely misses you.
The orc priest completely misses your crimson imp.
Your crimson imp blinks!
You barely miss the orc. The orc closely misses you.
The orc priest hits you with a +0 hand axe.
You hit the orc but do no damage. You punch the orc, but do no damage.
The orc priest hits you with a +0 hand axe!
The orc barely misses you. The orc attacks as you move away!
The orc misses you.
Your crimson imp hits the orc priest.
The orc attacks as you move away! The orc hits you with a +0 flail.
* * * LOW HITPOINT WARNING * * *
There is an open door here.
The orc priest invokes the aid of Beogh against you.
Beogh smites you!
You die...

...####..#####
#.......5.# .
#.#####.#.####...
..#.#........ #
#.#.#o.####...
###+#.#.#...........
#.....#.###o........
#.......o.'....####.
#......@#.#....#
#....######....#
#... +....# ...
#....# .. #....# .
######


You could see an orc priest and an orc.

Vanquished Creatures
  An orc wizard (D:3)
  A worm (D:2)
  A dart slug (D:1)
  5 ball pythons
  2 endoplasms
  A giant cockroach (D:1)
  2 goblins (D:2)
  4 hobgoblins
  2 jackals (D:1)
  A quokka (D:3)
  5 bats
  3 frilled lizards
  3 kobolds
  4 rats
35 creatures vanquished.

Vanquished Creatures (collateral kills)
  An adder (D:2)
  A giant cockroach (D:1)
  A goblin (D:1)
  2 bats
  A kobold (D:1)
6 creatures vanquished.

Grand Total: 41 creatures vanquished

Notes
Turn   | Place    | Note
-------+----------+-------------------------------------------
     0 | D:1      | keekatzer the Ghoul Summoner began the quest for the Orb.
     0 | D:1      | Reached XP level 1. HP: 14/14 MP: 2/2
   274 | D:1      | Found Yneoxesch's General Store.
   288 | D:1      | Reached XP level 2. HP: 18/22 MP: 0/3
   316 | D:1      | Reached skill level 1 in Fighting
   564 | D:1      | Learned a level 2 spell: Call Imp
  1029 | D:1      | Reached XP level 3. HP: 9/29 MP: 1/4
  2214 | D:3      | Reached XP level 4. HP: 37/37 MP: 5/5
  2480 | D:3      | Killed from afar by an orc priest

Illustrated notes

Levels and vault maps discovered:
D:1:      spicycebolla_arrival_ecumenical, layout_rooms, serial_shops, shop,
          minmay_crystal_room, minmay_liquid_box
D:2:      layout_loops_ring
D:3:      minmay_spotlight, layout_basic,
          grunt_temple_overflow_champion_of_chaos, gammafunk_ghost_necromancy,
          serial_rivers, chequers_serial_rivers_micro_c,
          chequers_serial_rivers_micro_a, chequers_serial_rivers_micro_c,
          chequers_serial_rivers_large_a, chequers_serial_rivers_room_a,
          chequers_serial_rivers_micro_c, grunt_ministairs_14,
          kennysheep_pointless_box, uniq_natasha

Skill      XL: |  1  2  3 |
---------------+----------+-----
Fighting       | 2 |  2.6
Dodging        | 2 |  2.4
Stealth        | 3 |  3.4
Spellcasting   | |  1.8
Summonings     | |  3.6

Action                   |  1- 3 |  4- 6 || total
-------------------------+-------+-------++-------
Melee: Unarmed           |    19 |       ||    19
       Dagger            |   176 |    27 ||   203
       Punch             |     1 |     1 ||     2
 Cast: Summon Small Mamm |    17 |       ||    17
       Call Imp          |     4 |     2 ||     6
 Stab: Sleeping          |     6 |       ||     6
       Distracted        |     3 |       ||     3
Armor: Robe              |    67 |     4 ||    71
Dodge: Dodged            |   127 |    11 ||   138
